 Dungeon Crawl Stone Soup version 0.17-a0-2070-g2a5e0a8 (webtiles) character file.

2421 Rationalist the Ducker (level 9, -2/71 HPs)
             Began as a Demonspawn Berserker on Oct 14, 2015.
             Was a Believer of Trog.
             Slain by a killer bee (5 damage)
             ... on level 7 of the Dungeon.
             The game lasted 00:12:15 (7959 turns).

Rationalist the Ducker (Demonspawn Berserker)       Turns: 7959, Time: 00:12:15

Health: -2/71      AC:  2    Str: 17    XL:     9   Next: 24%
Magic:  9/9        EV: 16    Int:  9    God:    Trog [**....]
Gold:   303        SH:  0    Dex: 16    Spells: 0 memorised, 8 levels left

rFire  + . .     SeeInvis +     B - -1 hand axe (curse)
rCold  . . .     Clarity  .     v - +0 robe
rNeg   . . .     SustAt   .     (no shield)
rPois  .         Gourm    .     (helmet restricted)
rElec  .         Spirit   .     (no cloak)
rCorr  .         Warding  .     (no gloves)
rMut   .         Stasis   .     (no boots)
MR     .....                    (no amulet)
Stlth  ++........               r - ring of protection from fire
                                e - ring of see invisible

@: lethally poisoned (-2 -> -22), not resistant to hostile enchantments,
unstealthy
A: claws 1, hooves 2, horns 2, powered by death 1
a: Burn Spellbooks, Berserk, Trog's Hand, Renounce Religion


You were on level 7 of the Dungeon.
You worshipped Trog.
Trog was pleased with you.
You were not hungry.

You visited 1 branch of the dungeon, and saw 7 of its levels.

You collected 303 gold pieces.

Inventory:

Hand Weapons
 a - a +0 hand axe
 B - a cursed -1 hand axe (weapon)
Missiles
 l - 51 sling bullets
 p - 42 bolts
 u - 5 needles of slowing
 G - 7 javelins (quivered)
Armour
 v - a +0 robe (worn)
Jewellery
 b - an uncursed ring of stealth
 e - a ring of see invisible (left claw)
 r - a ring of protection from fire (right claw)
Wands
 n - a wand of random effects (22)
 s - a wand of enslavement (11)
Scrolls
 g - a scroll of fog
 i - 3 scrolls of blinking
 k - a scroll of immolation {unknown}
 o - 3 scrolls of remove curse
 w - a scroll of random uselessness {unknown}
 y - a scroll of teleportation {unknown}
 z - a scroll of enchant armour
 D - 3 scrolls of recharging {unknown}
Potions
 f - 4 potions of curing
 j - a potion of cure mutation
 m - a potion of magic
 q - a potion of haste
 x - a potion of lignification
 A - a potion of might
 C - a potion of brilliance
Comestibles
 c - 5 bread rations
 d - 8 meat rations
 h - a royal jelly
 t - 7 beef jerkies
 E - a slice of pizza
 F - a chunk of flesh


   Skills:
 + Level 6.7 Fighting
 + Level 6.2 Axes
 + Level 4.1 Armour
 + Level 6.8 Dodging
 + Level 3.3 Stealth


You had 8 spell levels left.
You didn't know any spells.

Dungeon Overview and Level Annotations

Branches:
Dungeon (7/15)             Temple (0/1) D:5

Altars:
Cheibriados
Dithmenos
Elyvilon
Nemelex Xobeh
Okawaru
Yredelemnul
Zin
The Shining One


Innate Abilities, Weirdness & Mutations

You have sharp fingernails.
You have hoof-like feet.
You have a pair of horns on your head.
You regenerate a little health from kills.


Message History

The killer bee closely misses you.
You feel sick. The giant frog hits you. The killer bee misses you.
You feel sick. The killer bee stings you. The giant frog hits you.
You feel sick. The killer bee closely misses you. The killer bee stings you!
You are more poisoned.
The killer bee poisons you!
You feel sick. The killer bee stings you. The killer bee misses you.
The killer bee barely misses you. The giant frog misses you.
The killer bee barely misses you.
The orc priest mumbles some strange prayers to Beogh against you.
Something smites you!
* * * LOW HITPOINT WARNING * * *
* * * LOW HITPOINT WARNING * * *
You feel sick. The killer bee stings you.
* * * LOW HITPOINT WARNING * * *
The killer bee stings you.
* * * LOW HITPOINT WARNING * * *
The killer bee closely misses you. x2
The killer bee stings you.
You die...

#........##########....
#........# #...........
#........# ##....##....
.....#........# #..........
.....#........####..........
.....######+#...##........<.
......... +...+...........
.(......###+#...##.....#....
#......#.y@................
##......#oyyF...............
.......ooZ.........#+#.#####
......o.......##+#.#.....#.'
..............##.#.###.#.#.#
..............##.#.........#
...#....########.#####.#.##.
.. #....+ ...<....#..+. .
#....# #.....#...#.


You could see a giant frog, 3 killer bees, an orc priest, an orc wizard, 2 orcs
and an adder skeleton.

Vanquished Creatures
  The ghost of Bubnilka the Shield-Bearer, an amateur FoFi (D:4)
  Grinder (D:5)
  Sigmund (D:2)
  An ice beast (D:6)
  4 ogres
  A giant frog (D:6)
  A scorpion (D:5)
  A crimson imp (D:7)
  3 hounds
  2 giant frog skeletons
  2 jellies
  An orc priest (D:3)
  5 orc wizards
  A centaur skeleton (D:6)
  An iguana (D:6)
  Natasha (thrice) (D:2)
  5 worker ants
  A hound skeleton (D:7)
  Robin (D:2)
  2 worker ant zombies
  7 adders
  A shadow imp (D:6)
  An adder zombie (D:5)
  2 adder skeletons
  4 worms
  4 giant geckos
  14 orcs
  3 ball pythons
  11 bats
  6 giant cockroaches
  21 goblins
  8 hobgoblins
  4 kobolds
  2 quokkas (D:3)
  A giant gecko zombie (D:7)
  8 giant newts
  4 jackals (D:4)
  A jackal skeleton (D:4)
  A quokka skeleton (D:4)
  12 rats
153 creatures vanquished.

Vanquished Creatures (collateral kills)
  The ghost of trtt the Ducker, a novice DsAr of Ru (D:6)
1 creature vanquished.

Vanquished Creatures (others)
  A quokka (D:5)
1 creature vanquished.

Grand Total: 155 creatures vanquished

Notes
Turn   | Place    | Note
--------------------------------------------------------------
     0 | D:1      | Rationalist the Demonspawn Berserker began the quest for the Orb.
     0 | D:1      | Reached XP level 1. HP: 18/18 MP: 1/1
   380 | D:1      | Gained mutation: You have large cloven feet. [demonic ancestry]
   380 | D:1      | Reached XP level 2. HP: 14/24 MP: 2/2
   591 | D:1      | Reached ** piety under Trog
   867 | D:2      | Noticed Natasha
   868 | D:2      | Noticed Sigmund
   874 | D:2      | Killed Natasha
   874 | D:2      | Gained mutation: You have a pair of small horns on your head. [demonic ancestry]
   874 | D:2      | Reached XP level 3. HP: 29/29 MP: 3/3
   878 | D:2      | Killed Sigmund
   878 | D:2      | Reached skill level 4 in Fighting
   878 | D:2      | Reached skill level 1 in Stealth
   878 | D:2      | Reached XP level 4. HP: 37/37 MP: 4/4
   878 | D:2      | Gained mutation: You have hoof-like feet. [demonic ancestry]
   878 | D:2      | Reached XP level 5. HP: 42/42 MP: 5/5
   947 | D:2      | Noticed Natasha
   955 | D:2      | Killed Natasha
  1085 | D:2      | Noticed Natasha
  1091 | D:2      | Killed Natasha
  1204 | D:2      | Noticed Robin
  1214 | D:2      | Killed Robin
  1542 | D:2      | Reached XP level 6. HP: 17/49 MP: 6/6
  2071 | D:2      | Reached *** piety under Trog
  2381 | D:3      | Found a faded altar to an unknown god.
  3590 | D:4      | Found a snail-covered altar of Cheibriados.
  3591 | D:4      | Found a glowing silver altar of Zin.
  3864 | D:4      | Noticed Bubnilka's ghost (amateur FoFi)
  3875 | D:4      | Killed Bubnilka's ghost
  3875 | D:4      | Reached skill level 5 in Fighting
  3875 | D:4      | Gained mutation: You regenerate a little health from kills. [demonic ancestry]
  3875 | D:4      | Reached XP level 7. HP: 56/56 MP: 7/7
  4274 | D:4      | Found a basalt altar of Yredelemnul.
  4278 | D:4      | Found a glowing golden altar of the Shining One.
  4280 | D:4      | Noticed an angel
  4293 | D:4      | Noticed a profane servitor
  4528 | D:5      | Entered Level 5 of the Dungeon
  5002 | D:5      | Found a shadowy altar of Dithmenos.
  5017 | D:5      | Reached skill level 5 in Dodging
  5045 | D:5      | Noticed Grinder
  5050 | D:5      | Paralysed by Grinder for 3 turns
  5056 | D:5      | Killed Grinder
  5056 | D:5      | Reached skill level 5 in Axes
  5056 | D:5      | Gained mutation: You have sharp fingernails. [demonic ancestry]
  5056 | D:5      | Reached XP level 8. HP: 61/63 MP: 8/8
  5059 | D:5      | Found an iron altar of Okawaru.
  5140 | D:5      | Reached **** piety under Trog
  5350 | D:5      | Found a staircase to the Ecumenical Temple.
  5396 | D:5      | Found a white marble altar of Elyvilon.
  5581 | D:6      | Found a sparkling altar of Nemelex Xobeh.
  5867 | D:6      | Noticed trtt's ghost (novice DsAr)
  5879 | D:6      | Killed trtt's ghost
  5879 | D:6      | Reached skill level 6 in Fighting
  6201 | D:6      | Gained mutation: You have a pair of horns on your head. [demonic ancestry]
  6201 | D:6      | Reached XP level 9. HP: 12/71 MP: 9/9
  7959 | D:7      | HP: 3/71 [killer bee (4)]
  7959 | D:7      | Slain by a killer bee

Vault maps used:
D:1:      eino_arrival_cavern_b
D:2:      first_bread, minmay_quantized, uniq_robin, uniq_natasha, uniq_sigmund
D:3:      ecumenical_altar_1, kennysheep_generic_room_14
D:4:      grunt_temple_overflow_holy_war, gammafunk_temple_overflow_statue,
          minmay_fountain_box
D:5:      okawaru_ov_weapons_minmay, elyvilon_altar_4,
          minmay_temple_entry_fiery, grunt_dithmenos_smoke_and_mirrors,
          uniq_grinder
D:6:      nemelex_xobeh_ov_fountains_minmay
D:7:      grunt_ogre_cave, uniq_duvessa, uniq_menkaure, uniq_crazy_yiuf_cottage

Action                   |  1- 3 |  4- 6 |  7- 9 || total
-------------------------+-------+-------+-------++-------
Melee: Hand axe          |    80 |   188 |   320 ||   588
Invok: Berserk           |     1 |     2 |     4 ||     7
       Trog's Hand       |       |     2 |       ||     2
       Brothers in Arms  |       |       |     1 ||     1
  Use: Potion            |       |     1 |     1 ||     2
       Scroll            |       |       |    11 ||    11
 Stab: Sleeping          |       |     1 |     3 ||     4
       Distracted        |       |       |     1 ||     1
  Eat: Chunk             |       |    11 |    18 ||    29
       Beef jerky        |       |       |     1 ||     1
